 Dungeon Crawl Stone Soup version 0.29-a0-96-g93358da72b (webtiles) character file.

Game seed: 2259690012442595225

357 siradein the Ruffian (level 6, -9/55 HPs)
             Began as a Naga Transmuter on Feb 10, 2022.
             Mangled by a wyvern zombie (13 damage)
             ... on level 4 of the Dungeon.
             The game lasted 00:08:18 (4516 turns).

siradein the Ruffian (Naga Transmuter)              Turns: 4516, Time: 00:08:19

Health: -9/55      AC:  2    Str: 13    XL:     6   Next: 64%
Magic:  1/10       EV: 19    Int: 15    God:
Gold:   137        SH:  0    Dex: 16    Spells: 5/11 levels left

rFire   . . .      SeeInvis +     - Unarmed
rCold   . . .      Faith    .   (shield currently unavailable)
rNeg    . . .      Spirit   .   (armour currently unavailable)
rPois   x          Reflect  .   (helmet currently unavailable)
rElec   .          Harm     .   (cloak currently unavailable)
rCorr   .          Rampage  .   (gloves currently unavailable)
Will    .....                   (no barding)
Stlth   +.........              l - amulet of the acrobat
HPRegen 0.18/turn               (no ring)
MPRegen 0.12/turn               (no ring)

@: spider-form (expiring), very slightly contaminated
A: venomous fangs, AC +2, tiny, see invisible, (deformed body), (poison
resistance), (slowness 2), spit poison 1, (naga tail 1)
a: Spit Poison, End Transformation


You were on level 4 of the Dungeon.
You were a venomous arachnid creature.
You visited 1 branch of the dungeon, and saw 4 of its levels.

You collected 137 gold pieces.

Inventory:

Hand Weapons
 c - a +0 dagger of venom (melded)
Armour
 a - a +0 robe (melded)
 e - a +0 helmet (melded)
 g - a +0 pair of gloves (melded)
Jewellery
 l - an amulet of the acrobat (around neck)
Scrolls
 b - 2 scrolls of identify {unknown}
 d - a scroll of teleportation {unknown}
 j - a scroll of enchant weapon {unknown}
 k - a scroll of vulnerability {unknown}
Potions
 f - a potion of heal wounds {unknown}
 h - a potion of berserk rage {unknown}
 i - a potion of flight {unknown}
 m - 2 potions of haste {unknown}


   Skills:
 + Level 2.8 Fighting
 + Level 2.6 Dodging
 + Level 4.0 Unarmed Combat
 + Level 3.1 Spellcasting
 + Level 3.3 Transmutations
 + Level 2.8 Poison Magic


You had 5 spell levels left.
You knew the following spells:

 Your Spells              Type           Power      Damage    Failure   Level
a - Beastly Appendage     Tmut           24%        N/A       14%         1
b - Wereblood             Tmut           12%        N/A       21%         2
c - Spider Form           Tmut/Pois      11%        N/A       36%         3

Your spell library contained the following spells:

 Spells                   Type           Power      Damage    Failure   Level
 Sublimation of Blood     Necr           2%         N/A       52%         2
 Ice Form                 Ice/Tmut       7%         N/A       86%         4
 Summon Hydra             Summ           1%         N/A       100%        7


Dungeon Overview and Level Annotations

Branches:
Dungeon (4/15)
 Temple: D:4-7

Altars:
Ashenzari
Kikubaaqudgha


Innate Abilities, Weirdness & Mutations

You are a venomous arachnid creature.
You have poisonous fangs.
You are tiny and dextrous.
Your spellcasting is less reliable in this form.
Your armour is entirely melded.
You are incapable of wielding weapons or throwing items.
((Your serpentine skin is tough. (AC +2)))
You have supernaturally acute eyesight. (SInv)
((Armour fits poorly on your strangely shaped body.))
((Your system is resistant to poisons. (rPois)))
((You cover ground very slowly.))
You can spit poison.
((You have a snake-like lower body.))


Message History

The wyvern zombie is lightly damaged.
The wyvern zombie bites you!
You hit the wyvern zombie.
The wyvern zombie is lightly damaged.
The wyvern zombie bites you but does no damage.
The wyvern zombie barely misses you.
You hit the wyvern zombie.
The wyvern zombie is moderately damaged.
The wyvern zombie bites you!
You barely miss the wyvern zombie.
The wyvern zombie is moderately damaged.
The wyvern zombie bites you.
You are too injured to fight recklessly!
You are too injured to fight recklessly!
You are too injured to fight recklessly!
Casting: Beastly Appendage (safe; 4% risk of failure)
Confirm with . or Enter, or press ? or * to list all spells.
You miscast Spider Form.
You are very lightly contaminated with residual magic.
Nothing appears to happen.
The wyvern zombie bites you. The wyvern zombie bites you!
A wyvern zombie is nearby!
Casting: Spider Form (dangerous; 17% risk of failure)
Confirm with . or Enter, or press ? or * to list all spells.
You miscast Spider Form.
Nothing appears to happen.
The wyvern zombie bites you!
* * * LOW HITPOINT WARNING * * *
Casting: Spider Form (dangerous; 17% risk of failure)
Confirm with . or Enter, or press ? or * to list all spells.
Your horns disappear.
Your +0 helmet unmelds from your body.
You turn into a venomous arachnid creature.
Your +0 dagger of venom melds into your body.
Your +0 helmet melds into your body.
Your +0 pair of gloves melds into your body.
Your +0 robe melds into your body.
Your +0 dagger of venom stops dripping with poison.
Your transformation is almost over.
The wyvern zombie bites you!
You die...

#....###.#..........#
#..................#
#..................#
##.#.#[........####.#
........#.##..#....
.#
......###....######
.##.....#รท.###
#.###..Z#####
#.#.....s...#
#.#..........#
#.#.............
#.#.............
#...............
####.#.............
#.......####....(..
#.......# #...##.
#.......# ###


You could see a wyvern zombie.

Vanquished Creatures
  2 ogres
  A scorpion (D:4)
  A howler monkey (D:4)
  2 adders
  2 dart slugs
  3 orcs (D:3)
  5 endoplasms
  6 goblins
  6 hobgoblins
  4 kobolds
  3 quokkas
  8 ball pythons
  11 bats
  5 frilled lizards
  3 rats (D:1)
62 creatures vanquished.

Vanquished Creatures (others)
  An endoplasm (D:3)
1 creature vanquished.

Grand Total: 63 creatures vanquished

Notes
Turn   | Place    | Note
-------+----------+-------------------------------------------
     0 | D:1      | siradein the Naga Transmuter began the quest for the Orb.
     0 | D:1      | Reached XP level 1. HP: 18/18 MP: 3/3
   412 | D:1      | Found a faded altar of an unknown god.
   421 | D:1      | Reached XP level 2. HP: 25/25 MP: 3/5
  1430 | D:1      | Reached XP level 3. HP: 31/31 MP: 4/6
  1467 | D:1      | Learned a level 2 spell: Wereblood
  1471 | D:1      | Learned a level 3 spell: Spider Form
  1996 | D:2      | Found a broken altar of Ashenzari.
  2267 | D:2      | You fall into a shaft and drop 2 floors!
  2282 | D:4      | Noticed a scorpion
  2714 | D:3      | Found an ancient bone altar of Kikubaaqudgha.
  2950 | D:3      | Reached XP level 4. HP: 35/39 MP: 5/7
  3013 | D:3      | Reached skill level 1 in Poison Magic
  3704 | D:4      | Killed a scorpion
  3705 | D:4      | Reached XP level 5. HP: 35/45 MP: 6/9
  3819 | D:4      | Noticed an ogre
  3829 | D:4      | Killed an ogre
  3830 | D:4      | Reached XP level 6. HP: 29/55 MP: 6/10
  4165 | D:2      | Reached skill level 4 in Unarmed Combat
  4516 | D:4      | Mangled by a wyvern zombie

Illustrated notes

Levels and vault maps discovered:
D:1:      dpeg_arrival_line_fractal, layout_basic,
          shapermc_ecumenical_altar_totnotflames
D:2:      layout_rooms, basic_altar
D:3:      layout_loops_ring, nicolae_kikubaaqudgha_miasma_corner,
          lemuel_flame_loot_1
D:4:      layout_rooms, minmay_temple_entry_enclosed_plants, uniq_eustachio,
          uniq_natasha, uniq_edmund

Skill      XL: |  1  2  3  4  5  6 |
---------------+-------------------+-----
Dodging        | 2 |  2.6
Poison Magic   | 1 2 |  2.8
Fighting       | 2 |  2.8
Transmutations | 3 |  3.3
Spellcasting   | 3 |  3.1
Unarmed Combat | 4 |  4.0

Action                   |  1- 3 |  4- 6 || total
-------------------------+-------+-------++-------
Melee: Unarmed           |    77 |       ||    77
       Headbutt          |    11 |     6 ||    17
       Punch             |     1 |     1 ||     2
       Dagger            |    38 |    68 ||   106
 Cast: Beastly Appendage |    31 |     9 ||    40
       Wereblood         |       |     2 ||     2
       Spider Form       |       |     1 ||     1
 Abil: Spit Poison       |    10 |     3 ||    13
Armor: Robe              |    34 |    23 ||    57
Dodge: Dodged            |    82 |    81 ||   163

Table legend: (Time is in decaauts)
 A = Elapsed time spent in this place.
 B = Non-inter-level travel time spent in this place.
 C = Inter-level travel time spent in this place.
 D = Time resting spent in this place.
 E = Time spent auto-exploring this place.
 F = Levels seen in this place.
 G = Mean time per level.
                   A        B        C        D        E       F      G
               +--------+--------+--------+--------+--------+-----+--------+
         Total |   5332 |   5235 |     97 |    571 |   3917 |   4 | 1333.0 |
       Dungeon |   5332 |   5235 |     97 |    571 |   3917 |   4 | 1333.0 |
               +--------+--------+--------+--------+--------+-----+--------+

Top non-repeatable levels by time:
     D:1: 2491 daAuts
     D:3: 1395 daAuts
     D:2: 1244 daAuts
     D:4: 200 daAuts
